 Dungeon Crawl Stone Soup version 0.28-a0-793-g31680bbd8b (webtiles) character file.

Game seed: 6597311073027519882

21 jasper the Magician (level 2, 0/19 HPs)
             Began as a Demonspawn Hedge Wizard on Nov 3, 2021.
             Slain by a kobold (2 damage)
             ... on level 1 of the Dungeon.
             The game lasted 00:02:45 (882 turns).

jasper the Magician (Demonspawn Hedge Wizard)        Turns: 882, Time: 00:02:45

Health: 0/19       AC:  2    Str: 10    XL:     2   Next: 62%
Magic:  1/6        EV: 12    Int: 15    God:
Gold:   48         SH:  0    Dex: 12    Spells: 1/7 levels left

rFire   . . .      SeeInvis .   a - +0 dagger
rCold   . . .      Faith    .   (no shield)
rNeg    . . .      Spirit   .   b - +0 robe
rPois   .          Reflect  .   c - +0 hat
rElec   .          Harm     .   (no cloak)
rCorr   .          Rampage  .   (no gloves)
Will    .....                   (no boots)
Stlth   ++........              (no amulet)
HPRegen 0.06/turn               (no ring)
MPRegen 0.10/turn               (no ring)

@: very slightly contaminated
A: spiny 1
a: no special abilities


You were on level 1 of the Dungeon.
You visited 1 branch of the dungeon, and saw 2 of its levels.

You collected 48 gold pieces.

Inventory:

Hand Weapons
 a - a +0 dagger (weapon)
Missiles
 d - 28 stones
 g - 15 poisoned darts
Armour
 b - a +0 robe (worn)
 c - a +0 hat (worn)
Scrolls
 e - a scroll of identify {unknown}
 f - a scroll of vulnerability {unknown}


   Skills:
 - Level 1.7 Dodging
 - Level 1.7 Stealth
 - Level 3.2 Spellcasting
 - Level 1.0 Conjurations
 + Level 2.3 Summonings
 - Level 0.8 Translocations


You had one spell level left.
You knew the following spells:

 Your Spells              Type           Power      Damage    Failure   Level
a - Magic Dart            Conj           20%        1d4       13%         1
b - Slow                  Hex            8%         N/A       21%         1
c - Call Imp              Summ           9%         N/A       12%         2
d - Blink                 Tloc           10%        N/A       21%         2

Your spell library contained the following spells:

 Spells                   Type           Power      Damage    Failure   Level
 Conjure Flame            Conj/Fire      3%         6-21      43%         3
 Mephitic Cloud           Conj/Pois/Air  3%         N/A       45%         3


Dungeon Overview and Level Annotations

Branches:
Dungeon (2/15)

Altars:

Shops:
D:1 [


Innate Abilities, Weirdness & Mutations

You are partially covered in sharp spines.


Message History

You now have 0/6 mp.
You swap places.
The kobold hits your crimson imp with a +0 short sword.
The kobold misses your crimson imp.
Your crimson imp blinks!
You swap places.
There is a fountain of clear blue water here.
The dart slug launches a dart at you. The slug dart misses your crimson imp.
The slug dart misses you.
Your crimson imp blinks!
You hit the kobold but do no damage. The kobold is struck by your spines.
The kobold hits you with a +0 short sword.
You take 5 damage, and have 8/19 hp.
MASSIVE DAMAGE!!
You barely miss the kobold.
The kobold is severely wounded.
The kobold hits you with a +0 short sword.
* * * LOW HITPOINT WARNING * * *
The dart slug launches a dart at you. The slug dart misses you.
You take 3 damage, and have 5/19 hp.
The kobold closely misses you.
You barely miss the kobold.
The kobold is severely wounded.
The kobold hits you with a +0 short sword.
* * * LOW HITPOINT WARNING * * *
Your crimson imp hits the dart slug.
You take 4 damage, and have 1/19 hp.
MASSIVE DAMAGE!!
The dart slug misses your crimson imp.
Your crimson imp completely misses the dart slug.
The dart slug barely misses your crimson imp.
Your crimson imp hits the dart slug.
Your crimson imp hits the dart slug.
The dart slug barely misses your crimson imp.
Casting: Call Imp (safe; 12% risk of failure)
Confirm with . or Enter, or press ? or * to list all spells.
You miscast Call Imp.
You are very lightly contaminated with residual magic.
Nothing appears to happen.
The kobold hits you with a +0 short sword.
You die...

.........................#
..........<..........⌠...#
.........................#
.....⌠.........⌠........##.
.⌠.................⌠...##..
..........⌠....... ##..#
####.............# ###...#
#################....#
#.[..# #..@K...#
#.##.###.#####.#
#.w#.......(.#.#
##..⌠.⌠##5....>#
#...∩......?..#
###⌠.⌠.#........#
#.#..#.#.##..[#
...##.#........#
#.#####.#......#.#


You could see a kobold.

Vanquished Creatures
  2 ball pythons (D:2)
  An endoplasm (D:2)
  A giant cockroach (D:1)
  A goblin (D:2)
  3 hobgoblins
  2 jackals (D:1)
  A kobold (D:1)
  A quokka (D:2)
  A bat (D:2)
  A frilled lizard (D:1)
  3 rats
17 creatures vanquished.

Vanquished Creatures (collateral kills)
  A kobold (D:2)
1 creature vanquished.

Grand Total: 18 creatures vanquished

Notes
Turn   | Place    | Note
-------+----------+-------------------------------------------
     0 | D:1      | jasper the Demonspawn Hedge Wizard began the quest for the
                  | Orb.
     0 | D:1      | Reached XP level 1. HP: 13/13 MP: 4/4
    18 | D:1      | Learned a level 1 spell: Slow
   182 | D:1      | Gained mutation: You are partially covered in sharp spines.
                  | [demonic ancestry]
   182 | D:1      | Reached XP level 2. HP: 16/19 MP: 3/6
   213 | D:1      | Learned a level 2 spell: Call Imp
   216 | D:1      | Learned a level 2 spell: Blink
   260 | D:1      | You fall into a shaft and drop 1 floor!
   829 | D:1      | Found Daplougysch's Antique Armour Shop.
   882 | D:1      | Slain by a kobold

Illustrated notes

Levels and vault maps discovered:
D:1:      dpeg_arrival_water_temple_mockup, layout_basic, serial_shops,
          shop_fountains, basic_ecumenical_altar, roderic_lattice_a,
          fountainhead
D:2:      layout_basic, minmay_ruptured

Skill      XL: |  1  2 |
---------------+-------+-----
Summonings     | 2 |  2.3
Dodging        | |  1.7
Stealth        | |  1.7
Spellcasting   | |  3.2
Conjurations   | |  1.0
Translocations | |  0.8

Action                   || total
-------------------------++-------
Melee: Dagger            ||     7
 Cast: Magic Dart        ||    44
       Call Imp          ||     2
Armor: Robe              ||     1
Dodge: Dodged            ||    15

Table legend: (Time is in decaauts)
 A = Elapsed time spent in this place.
 B = Non-inter-level travel time spent in this place.
 C = Inter-level travel time spent in this place.
 D = Time resting spent in this place.
 E = Time spent auto-exploring this place.
 F = Levels seen in this place.
 G = Mean time per level.
                   A        B        C        D        E       F      G
               +--------+--------+--------+--------+--------+-----+--------+
         Total |    882 |    879 |      3 |    181 |    495 |   2 |  441.0 |
       Dungeon |    882 |    879 |      3 |    181 |    495 |   2 |  441.0 |
               +--------+--------+--------+--------+--------+-----+--------+

Top non-repeatable levels by time:
     D:2: 566 daAuts
     D:1: 315 daAuts
